 Dungeon Crawl Stone Soup version 0.23.1-37-gaa34b87 (webtiles) character file.

Game seed: 4467584253097052831

140 dhn the Shield-Bearer (level 5, 0/47 HPs)
             Began as a Minotaur Fighter on Mar 26, 2019.
             Killed from afar by Sigmund (5 damage)
             ... with a magic dart
             ... on level 3 of the Dungeon.
             The game lasted 00:01:29 (1409 turns).

dhn the Shield-Bearer (Minotaur Fighter)            Turns: 1409, Time: 00:01:30

Health: 0/47       AC:  7    Str: 21    XL:     5   Next: 2%
Magic:  4/4        EV:  7    Int:  5    God:
Gold:   101        SH:  9    Dex: 10    Spells: 4/4 levels left

rFire    . . .     SeeInvis .   a - +0 war axe
rCold    . . .     Gourm    .   c - +0 shield
rNeg     . . .     Faith    .   b - +0 scale mail
rPois    .         Spirit   .   (helmet restricted)
rElec    .         Reflect  .   (no cloak)
rCorr    .         Harm     .   (no gloves)
MR       .....                  (no boots)
Stlth    ..........             (no amulet)
HPRegen  0.15/turn              (no ring)
MPRegen  0.09/turn              (no ring)

@: no status effects
A: retaliatory headbutt, horns 2
a: no special abilities


You were on level 3 of the Dungeon.
You were not hungry.

You visited 1 branch of the dungeon, and saw 3 of its levels.

You collected 101 gold pieces.

Inventory:

Hand Weapons
 a - a +0 war axe (weapon)
Armour
 b - a +0 scale mail (worn)
 c - a +0 shield (worn)
Scrolls
 e - 2 scrolls of teleportation {unknown}
 h - a scroll of blinking {unknown}
 j - 3 scrolls of identify {unknown}
 k - 3 scrolls of amnesia {unknown}
 n - a scroll of remove curse {unknown}
Potions
 d - a potion of might
 g - a potion of mutation {unknown}
 i - a potion of cancellation {unknown}
 l - 2 potions of degeneration {unknown}
 m - a potion of curing {unknown}
Comestibles
 f - 5 rations
 o - a chunk of flesh


   Skills:
 + Level 4.6 Fighting
 + Level 3.6 Axes
 + Level 4.6 Armour
 + Level 0.4 Dodging
 + Level 4.7 Shields


You had 4 spell levels left.
You didn't know any spells.
Your spell library was empty.

Dungeon Overview and Level Annotations

Branches:
Dungeon (3/15)

Altars:

Annotations:
D:3 Sigmund


Innate Abilities, Weirdness & Mutations

You reflexively headbutt those who attack you in melee.
You have a pair of horns on your head.


Message History

You bump into the rock wall.
You hear some strange, mumbled words.
A magic dart appears from out of thin air!
The magic dart hits you.
You bump into the rock wall.
You feel less confused. Something hits you!
You miss something. Something hits you.
* * * LOW HITPOINT WARNING * * *
You closely miss something. Your headbutt misses something.
You hear some strange, mumbled words.
A puff of flame appears from out of thin air!
The puff of flame hits you!
* * * LOW HITPOINT WARNING * * *
Something hits you.
* * * LOW HITPOINT WARNING * * *
There is an open door here.
A magic dart appears from out of thin air!
The magic dart hits you.
You die...

#........# #####.####
#.# ### #(# #.. .#
##(## #.# .# ##...##
#.# ..# ##..[).##
#.####..#
#......>###.......#
#........@##....#..###
+.........'...........
#.........####...####
##.......## #..##
##.....## #.## ##...##
#.# ##+# #.# #.# #.#


There were no monsters in sight!

Vanquished Creatures
  Jessica (D:2)
  3 gnolls (D:3)
  3 adders (D:2)
  2 oozes
  3 dart slugs
  2 leopard geckos
  An orc (D:3)
  2 bats (D:2)
  3 giant cockroaches
  4 goblins
  3 hobgoblins
  2 quokkas
  2 ball pythons (D:2)
  9 kobolds
  6 rats
46 creatures vanquished.

Notes
Turn   | Place    | Note
-------+----------+-------------------------------------------
     0 | D:1      | dhn the Minotaur Fighter began the quest for the Orb.
     0 | D:1      | Reached XP level 1. HP: 19/19 MP: 0/0
   161 | D:1      | Reached XP level 2. HP: 27/27 MP: 1/1
   423 | D:1      | You fall through a shaft!
   433 | D:2      | Reached XP level 3. HP: 33/33 MP: 2/2
   444 | D:2      | Noticed Jessica
   446 | D:2      | Killed Jessica
   519 | D:2      | Reached XP level 4. HP: 41/41 MP: 3/3
  1149 | D:3      | Reached XP level 5. HP: 26/47 MP: 4/4
  1382 | D:3      | Noticed Sigmund
  1409 | D:3      | Killed from afar by Sigmund

Skill      XL: |  1  2  3 |
---------------+----------+-----
Shields        | 4 |  4.7
Fighting       | 4 |  4.6
Armour         | 4 |  4.6
Axes           | 3 |  3.6
Dodging        | |  0.4

Action                   |  1- 3 |  4- 6 || total
-------------------------+-------+-------++-------
Melee: War axe           |    54 |    69 ||   123
       Headbutt          |     7 |    13 ||    20
  Eat: Chunk             |       |     2 ||     2
Armor: Scale mail        |    15 |    24 ||    39
Dodge: Dodged            |    15 |    17 ||    32
Block: Shield            |    32 |    27 ||    59
